Map: Efemeryda ER

Players

kers - Winner!

  • Race: Protoss Protoss
  • League: Platinum
  • Spawn Location: 11:00

VOD

Have the link to the VOD?

Description

Time

  • Played on: March 1, 2020, 5:28 p.m.
  • Length: 3:57
Show
View Real Time Build Order
Export as new Build Order

kers Protoss - Winner!

Build Orders:  

Get SALT Encoding   

  12  0:02  Probe  
  12  0:14  Probe  
  12  0:26  Probe  
  12  0:33  Pylon  
  12  0:40  Assimilator  
  12  0:51  Probe  
  12  0:54  Gateway  
  12  1:03  Probe (Chrono Boost)  
  12  1:15  Probe (Chrono Boost)  
  12  1:20  Probe (Chrono Boost)  
  12  1:40  Probe  
  12  1:48  Cybernetics Core  
  12  1:52  Probe  
  12  1:57  Gateway  
  12  2:23  Gateway  
  12  2:27  Robotics Facility  
  12  2:31  Adept  
  12  2:37  Assimilator  
  12  2:40  Pylon  
  12  2:42  Pylon  
  12  2:43  Pylon  
  12  2:49  Shield Battery  
  12  2:52  Shield Battery  
  12  2:58  Probe  
  12  3:10  Probe  
Tags
 
Add a new tag
Caveats
  • Supply blocks, unpowered buildings, or Contaminate may cause inaccurate times.
  • Supply counts are checked every 10 seconds.